 Dungeon Crawl Stone Soup version 0.24-a0-249-g2af7e83 (webtiles) character file.

Game seed: 13395869629084494520

345 GEC the Covered (level 6, -3/51 HPs)
             Began as a Formicid Fighter on Apr 14, 2019.
             Killed by divine providence
             ... invoked by an orc priest
              (14 damage)
             ... on level 3 of the Dungeon.
             The game lasted 00:09:49 (3067 turns).

GEC the Covered (Formicid Fighter)                  Turns: 3067, Time: 00:09:50

Health: -3/51      AC:  8    Str: 22    XL:     6   Next: 89%
Magic:  6/6        EV:  8    Int:  7    God:
Gold:   144        SH: 11    Dex: 11    Spells: 5/5 levels left

rFire    . . .     SeeInvis +   a - +0 war axe
rCold    . . .     Gourm    .   c - +1 shield
rNeg     . . .     Faith    .   b - +0 scale mail
rPois    +         Spirit   .   (helmet unavailable)
rElec    .         Reflect  .   (no cloak)
rCorr    .         Harm     .   w - +0 pair of gloves
MR       .....                  (no boots)
Stlth    ..........             (no amulet)
HPRegen  0.17/turn              e - ring of poison resistance
MPRegen  0.10/turn              (no ring)

@: no status effects
A: permanent stasis, dig shafts and tunnels, four strong arms, antennae 3
a: Dig, Shaft Self


You were on level 3 of the Dungeon.
You were near starving.

You visited 1 branch of the dungeon, and saw 3 of its levels.
You also visited: Sewer.

You collected 144 gold pieces.

Inventory:

Hand Weapons
 a - a +0 war axe (weapon)
Armour
 b - a +0 scale mail (worn)
 c - a +1 shield (worn)
 w - a +0 pair of gloves (worn)
Jewellery
 e - a ring of poison resistance (left hand)
 g - an uncursed ring of fire
 i - an uncursed ring of fire
 r - an uncursed ring of wizardry
Wands
 t - a wand of digging (7)
Scrolls
 j - 2 scrolls of enchant armour
 k - a scroll of fear
 l - 3 scrolls of remove curse
 o - a scroll of random uselessness {unknown}
 q - a scroll of amnesia {unknown}
Potions
 d - 2 potions of might
 h - 2 potions of magic
 m - 6 potions of curing
 p - a potion of flight {unknown}
 s - a potion of heal wounds {unknown}
 u - a potion of brilliance {unknown}
 v - 2 potions of mutation {unknown}
Comestibles
 f - 3 rations


   Skills:
 * Level 5.2 Fighting
 + Level 3.1 Axes
 * Level 5.2 Armour
 + Level 4.8 Shields


You had 5 spell levels left.
You didn't know any spells.
Your spell library contained the following spells:

 Spells                   Type           Power        Failure   Level  Hunger
 Confusing Touch          Hex            #.....       96%         1    ##.....
 Confuse                  Hex            #.......     100%        3    ####...
 Gell's Gravitas          Tloc           #.........   100%        3    ####...
 Petrify                  Tmut/Erth      #.......     100%        4    #####..
 Metabolic Englaciation   Hex/Ice        #.........   100%        5    ######.
 Yara's Violent Unravell  Hex/Tmut       #.........   100%        5    ######.


Dungeon Overview and Level Annotations

Branches:
Dungeon (3/15)

Altars:
Okawaru
Ru
Uskayaw


Innate Abilities, Weirdness & Mutations

You cannot be hasted, slowed, berserked, paralysed or teleported.
You can dig through walls and to a lower floor.
Your four strong arms can wield two-handed weapons with a shield.
You have a pair of large antennae on your head. (SInv)


Message History

The orc hits you but does no damage.
You barely miss the orc priest.
The orc priest is moderately wounded.
You closely miss the orc.
The orc priest hits you from afar with a +4 trident.
The orc priest hits you with a +0 club. You block the orc's attack.
The orc priest hits you from afar with a +4 trident.
Unknown command.
You slash the orc priest!
The orc priest is severely wounded.
You hit the hobgoblin but do no damage. You closely miss the orc.
The hobgoblin closely misses you.
The orc priest mumbles some strange prayers to Beogh against you.
Pain shoots through your body! You block the orc's attack.
The orc priest hits you from afar with a +4 trident.
* * * LOW HITPOINT WARNING * * *
The hobgoblin barely misses you. The orc closely misses you.
The orc priest calls down the wrath of Beogh upon you.
Beogh smites you!
You die...

#.........##
#.###.###........#.#
#.# #.# #.######.#.###
#.# #.# #.............
#.# #.. ......#......#
#.#######.###.#...(.#
#.........# #.#o.>.#
#########.###.#o..###.
#.....@or.(...
#.....(g#.####
#########


You could see 2 orc priests, an orc, a hobgoblin and a rat.

Vanquished Creatures
  An orc wizard (D:3)
  Ijyb (D:3)
  Jessica (D:2)
  11 adders
  An ooze (D:1)
  2 worms (D:2)
  3 dart slugs
  5 leopard geckos
  12 orcs (D:3)
  4 ball pythons
  16 giant cockroaches
  10 goblins
  8 hobgoblins
  18 jackals
  A quokka (D:3)
  9 bats
  4 frilled lizards
  11 kobolds
  5 rats
  4 plants (Sewer)
127 creatures vanquished.

Notes
Turn   | Place    | Note
-------+----------+-------------------------------------------
     0 | D:1      | GEC the Formicid Fighter began the quest for the Orb.
     0 | D:1      | Reached XP level 1. HP: 18/18 MP: 1/1
    49 | D:1      | Reached XP level 2. HP: 17/24 MP: 2/2
   182 | D:1      | Reached XP level 3. HP: 20/30 MP: 3/3
   775 | D:2      | Reached XP level 4. HP: 37/37 MP: 4/4
   931 | D:2      | Found an iron altar of Okawaru.
  1056 | D:2      | Noticed Jessica
  1065 | D:2      | Killed Jessica
  1065 | D:2      | Reached XP level 5. HP: 42/43 MP: 5/5
  1325 | D:2      | Found a sacrificial altar of Ru.
  1790 | D:3      | Found a hide-covered altar of Uskayaw.
  1815 | D:3      | Reached XP level 6. HP: 28/49 MP: 6/6
  1969 | D:3      | Noticed Ijyb
  1984 | D:3      | Killed Ijyb
  1984 | D:3      | Reached skill level 5 in Armour
  2019 | D:3      | Reached skill level 5 in Fighting
  2211 | D:3      | Found a glowing drain.
  2222 | Sewer    | Entered a sewer
  3067 | D:3      | Killed from afar by an orc priest

Levels and vault maps discovered:
D:1:      lemuel_arrival_lava_pool, layout_rooms, minmay_misc_feat_tiny
D:2:      minmay_roachtagon, layout_basic, lemuel_doored_altar,
          old_standard_altar, uniq_jessica
D:3:      layout_loops_corners, lemuel_round_altar, fedhas_altar_1,
          cheibrodos_sewer_entry_sluice, first_ration, nrook_campfire,
          serial_park_tiny_1, uniq_ijyb
Sewer:    sewer_co_scattered_pipes

Skill      XL: |  1  2  3  4  5  6 |
---------------+-------------------+-----
Shields        | 4 |  4.8
Armour         | 4 5 |  5.2
Fighting       | 4 5 |  5.2
Axes           | 3 |  3.1

Action                   |  1- 3 |  4- 6 || total
-------------------------+-------+-------++-------
Melee: War axe           |   102 |   307 ||   409
 Abil: Dig               |       |     2 ||     2
  Use: Scroll            |       |     9 ||     9
  Eat: Chunk             |       |     7 ||     7
Armor: Scale mail        |    43 |   126 ||   169
Dodge: Dodged            |    35 |    96 ||   131
Block: Shield            |    61 |   185 ||   246

Table legend:
 A = Non-vault XP
 B = Vault XP
 C = Vault XP percentage of total XP
 D = Non-vault monster count
 E = Vault monster count
 F = Vault count percentage of total count
                 A         B        C        D         E       F
            +---------+---------+-------+---------+---------+-------
      Total |     288 |     205 |  41.6 |      87 |      36 |  29.3
            +---------+---------+-------+---------+---------+-------
        D:1 |      57 |       0 |   0.0 |      29 |       0 |   0.0
        D:2 |     100 |      59 |  37.1 |      25 |      12 |  32.4
        D:3 |     131 |      41 |  23.8 |      33 |       3 |   8.3
      Sewer |       0 |     105 | 100.0 |       0 |      21 | 100.0
            +---------+---------+-------+---------+---------+-------
